 Dungeon Crawl Stone Soup version 0.22-a0-480-g991dd4b (webtiles) character file.

133 Tallim the Poker (level 5, 0/58 HPs)
             Began as a Merfolk Skald on June 15, 2018.
             Succumbed to a worker ant's poison
             ... on level 3 of the Dungeon.
             The game lasted 00:08:00 (2260 turns).

Tallim the Poker (Merfolk Skald)                    Turns: 2260, Time: 00:08:01

Health: 0/58       AC: 22    Str: 11    XL:     5   Next: 16%
Magic:  8/8        EV:  2    Int: 12    God:
Gold:   78         SH:  0    Dex: 15    Spells: 5/8 levels left

rFire    . . .     SeeInvis .   a - +0 spear
rCold    . . .     Gourm    .   (no shield)
rNeg     + + +     Faith    .   (armour currently unavailable)
rPois    +         Spirit   .   (helmet currently unavailable)
rElec    .         Reflect  .   (cloak currently unavailable)
rCorr    .         Harm     .   (gloves currently unavailable)
MR       .....     NoTele   +   (boots currently unavailable)
Stlth    ++........             (no amulet)
HPRegen  0.19/turn              (no ring)
MPRegen  0.11/turn              (no ring)

@: lethally poisoned (0 -> -7), tree-form, hasted, very quick
A: (change form in water), (swift swim), (stealthy swim)
a: no special abilities


You were on level 3 of the Dungeon.
You were not hungry.
You were a tree.
You visited 1 branch of the dungeon, and saw 3 of its levels.

You collected 78 gold pieces.

Inventory:

Hand Weapons
 a - a +0 spear (weapon)
Armour
 b - a +0 leather armour
 f - a +0 ring mail (melded)
 i - a cursed +0 robe
 k - a +1 leather armour of cold resistance
Jewellery
 l - an uncursed ring of wizardry {unknown}
 o - an uncursed ring of positive energy {unknown}
Scrolls
 g - 4 scrolls of identify
 h - a scroll of amnesia {unknown}
 m - a scroll of teleportation {unknown}
 p - a scroll of enchant armour {unknown}
Potions
 c - 2 potions of haste
Comestibles
 d - 3 rations


   Skills:
 + Level 2.5 Fighting
 + Level 5.2 Polearms
 + Level 1.2 Armour
 + Level 3.9 Dodging
 + Level 0.8 Stealth
 + Level 2.1 Spellcasting
 + Level 3.7 Charms


You had 5 spell levels left.
You knew the following spells:

 Your Spells              Type           Power        Failure   Level  Hunger
a - Infusion              Chrm           ##..         6%          1    ##.....
b - Song of Slaying       Chrm           ##......     9%          2    ###....

Your spell library contained the following spells:

 Spells                   Type           Power        Failure   Level  Hunger
 Regeneration             Chrm/Necr      #.........   36%         3    ####...
 Shroud of Golubria       Chrm/Tloc      #.........   19%         2    ###....
 Spectral Weapon          Hex/Chrm       #.......     36%         3    ####...


Dungeon Overview and Level Annotations

Branches:
Dungeon (3/15)

Altars:
Ru

Annotations:
D:3 Findor's ghost, amateur MiFi


Message History

* * * LOW HITPOINT WARNING * * *
You feel sick.
It was a potion of lignification.
You turn into a tree.
Your +0 ring mail melds into your body.
Your roots penetrate the ground.
* * * LOW HITPOINT WARNING * * *
You feel sick.
There is a lethal amount of poison in your body!
* * * LOW HITPOINT WARNING * * *
You feel sick.
* * * LOW HITPOINT WARNING * * *
You feel sick.
Unknown command.
Okay, then.
As you read the scroll labeled GACZUL QIWUDO, it crumbles to dust.
You assume a fearsome visage.
Nothing appears to happen.
It was a scroll of fear.
As you read the scroll labeled FAUNKO MIGH, it crumbles to dust.
It is a scroll of identify.
k - a +1 leather armour of cold resistance You die...

#...........
#..........#
#.....>....#
.#....<....#
.........<.#
#.........#
#.......†.###.##
#................
#.....$♣...).....
#..........$$....
.........!........
.###.....#...?....
###############


There were no monsters in sight!

Vanquished Creatures
  A bullfrog skeleton (D:2)
  A worker ant (D:3)
  2 adders (D:2)
  An ooze (D:1)
  2 worms (D:2)
  A dart slug (D:1)
  A leopard gecko (D:1)
  3 giant cockroaches
  7 goblins
  5 hobgoblins
  A quokka (D:2)
  A ball python (D:2)
  5 bats
  4 frilled lizards
  8 kobolds
  12 rats
55 creatures vanquished.

Notes
Turn   | Place    | Note
-------+----------+-------------------------------------------
     0 | D:1      | Tallim the Merfolk Skald began the quest for the Orb.
     0 | D:1      | Reached XP level 1. HP: 16/16 MP: 3/3
    94 | D:1      | Reached XP level 2. HP: 21/22 MP: 5/5
   411 | D:1      | Reached XP level 3. HP: 22/28 MP: 6/6
   771 | D:2      | Reached skill level 4 in Polearms
   797 | D:2      | Found a sacrificial altar of Ru.
   847 | D:2      | Learned a level 2 spell: Song of Slaying
   971 | D:2      | Reached skill level 1 in Armour
  1017 | D:2      | Reached XP level 4. HP: 34/34 MP: 1/7
  1441 | D:2      | Reached skill level 5 in Polearms
  1817 | D:3      | Noticed Findor's ghost (amateur MiFi)
  2247 | D:3      | Reached XP level 5. HP: 12/39 MP: 8/8
  2255 | D:3      | HP: 2/58 [poisoned by a worker ant]
  2260 | D:3      | Succumbed to a worker ant's poison

Vault maps used:
D:1:      scummos_arrival_forest
D:2:      overflow_temple_1_default, first_ration, minmay_domino_4

Skill      XL: |  1  2  3  4 |
---------------+-------------+-----
Polearms       | 4 5 |  5.2
Armour         | 1 |  1.2
Dodging        | 3 |  3.9
Fighting       | |  2.5
Stealth        | |  0.8
Spellcasting   | |  2.1
Charms         | |  3.7

Action                   |  1- 3 |  4- 6 || total
-------------------------+-------+-------++-------
Melee: Spear             |   130 |   115 ||   245
 Cast: Infusion          |     1 |       ||     1
  Use: Scroll            |       |     2 ||     2
       Potion            |       |     2 ||     2
 Stab: Distracted        |     1 |       ||     1
       Sleeping          |     1 |       ||     1
  Eat: Chunk             |     1 |     2 ||     3
       Ration            |       |     1 ||     1
Armor: Leather armour    |     9 |       ||     9
       Ring mail         |    29 |    16 ||    45
Dodge: Dodged            |    70 |    37 ||   107

Table legend:
 A = Spawn XP
 B = Non-spawn XP
 C = Spawn XP percentage of total XP
 D = Spawn monster count
 E = Non-spawn monster count
 F = Spawn count percentage of total count
 G = Total turns spent on level
                    A         B        C        D         E        F      G
               +---------+---------+-------+---------+---------+-------+---------
         Total |       0 |     190 |   0.0 |       0 |      55 |   0.0 |  2260
               +---------+---------+-------+---------+---------+-------+---------
           D:1 |       0 |      40 |   0.0 |       0 |      23 |   0.0 |   650
           D:2 |       0 |     113 |   0.0 |       0 |      27 |   0.0 |  1558
           D:3 |       0 |      37 |   0.0 |       0 |       5 |   0.0 |    52
               +---------+---------+-------+---------+---------+-------+---------
